 Dungeon Crawl Stone Soup version 0.27-a0-1140-g099f9bb0e8 (webtiles) character file.

Game seed: 53620561070205847

13 Vomitron the Sneak (level 2, 0/27 HPs)
             Began as a Minotaur Delver on May 10, 2021.
             Slain by an orc wizard
             ... wielding a +0 dagger
              (1 damage)
             ... on level 3 of the Dungeon.
             The game lasted 00:00:55 (294 turns).

Vomitron the Sneak (Minotaur Delver)                 Turns: 294, Time: 00:00:56

Health: 0/27       AC:  3    Str: 16    XL:     2   Next: 24%
Magic:  1/1        EV: 11    Int:  7    God:
Gold:   0          SH:  0    Dex: 11    Spells: 1/1 levels left

rFire    . . .     SeeInvis .   i - +3 hand axe
rCold    . . .     Faith    .   (no shield)
rNeg     . . .     Spirit   .   b - +0 leather armour
rPois    .         Reflect  .   (helmet restricted)
rElec    .         Harm     .   (no cloak)
rCorr    .         Rampage  .   (no gloves)
Will     .....                  (no boots)
Stlth    ++........             (no amulet)
HPRegen  0.09/turn              (no ring)
MPRegen  0.07/turn              (no ring)

@: no status effects
A: horns 2, retaliatory headbutt
a: no special abilities


You were on level 3 of the Dungeon.
You visited 1 branch of the dungeon, and saw 3 of its levels.

Inventory:

Hand Weapons
 a - a +0 falchion
 i - a +3 hand axe (weapon)
Armour
 b - a +0 leather armour (worn)
Wands
 g - a wand of digging (3)
Scrolls
 c - a scroll of fog
 d - a scroll of magic mapping
 e - a scroll of fear
 h - a scroll of enchant weapon {unknown}
Potions
 f - a potion of haste
 j - a potion of curing {unknown}
 k - a potion of heal wounds {unknown}


   Skills:
 + Level 3.9 Fighting
 * Level 3.1 Long Blades
 + Level 1.0 Armour
 - Level 2.1 Dodging
 - Level 4.1 Stealth


You had one spell level left.
You didn't know any spells.
Your spell library was empty.

Dungeon Overview and Level Annotations

Branches:
Dungeon (5/15)
 Temple: D:4-7

Altars:


Innate Abilities, Weirdness & Mutations

You have a pair of horns on your head.
You reflexively headbutt those who attack you in melee.


Message History

The orc hits you with a +0 club.
Unknown command.
You barely miss the orc. You headbutt the orc, but do no damage.
You miss the orc. You closely miss the orc wizard.
You feel less confused. The orc closely misses you. You furiously retaliate!
You headbutt the orc. The orc barely misses you.
The orc wizard closely misses you. You furiously retaliate!
You headbutt the orc wizard, but do no damage.
The orc hits you with a +0 club.
You hit the orc wizard but do no damage.
Your headbutt misses the orc wizard. You hit the orc.
You kill the orc!
You hit the orc but do no damage.
The orc wizard hits you with a +0 dagger.
Your Long Blades skill increases to level 3!
You have reached level 2!
You closely miss the orc wizard. You barely miss the orc.
The orc wizard hits you with a +0 dagger.
* * * LOW HITPOINT WARNING * * *
The orc hits you with a +0 club.
* * * LOW HITPOINT WARNING * * *
Unknown command.
Unknown command.
You barely miss the orc wizard. You hit the orc.
You kill the orc!
You hit the orc but do no damage. The orc wizard closely misses you.
The orc barely misses you. You furiously retaliate!
You headbutt the orc!
You kill the orc!
An orc priest comes into view. It is wielding a +0 short sword.
The orc wizard hits you with a +0 dagger.
* * * LOW HITPOINT WARNING * * *
Your Armour skill increases to level 1!
Unknown command.
You closely miss the orc wizard. You headbutt the orc wizard!
The orc wizard is heavily wounded.
The orc priest calls upon Beogh to heal the orc wizard.
The orc wizard is healed somewhat.
The orc wizard hits you with a +0 dagger.
You die... ######## ###......# ##........## ##..........# #...........# o.## #.........).# oo.

#.........o@# #..##
##.........)# ....#
########........## 8..8##.
.....####......o.# .......
#'##♣.#......#.#.##.......
...##.#.........o.........
♣.♣.#.#............)......
.>..#.#...................
♣.♣.#.#.........o.........


You could see an orc priest and an orc wizard.

Vanquished Creatures
  4 orcs
  An endoplasm (D:3)
  A hobgoblin (D:3)
  A quokka (D:5)
  A bat (D:3)
8 creatures vanquished.

Notes
Turn   | Place    | Note
-------+----------+-------------------------------------------
     0 | D:5      | Vomitron the Minotaur Delver began the quest for the Orb.
     0 | D:5      | Reached XP level 1. HP: 19/19 MP: 0/0
   267 | D:3      | Noticed an orc wizard
   292 | D:3      | Reached XP level 2. HP: 10/27 MP: 1/1
   293 | D:3      | HP: 1/27 [orc wizard/+0 dagger (5)]
   294 | D:3      | Reached skill level 1 in Armour
   294 | D:3      | Slain by an orc wizard

Illustrated notes

Levels and vault maps discovered:
D:3:      layout_rooms, minitemple, grunt_ministairs_11
D:4:      layout_basic
D:5:      layout_basic, temple_fountains, biasface_ghost_orc_armoury,
          nrook_pool_corridor, uniq_pikel, uniq_ijyb, uniq_crazy_yiuf_cottage

Skill      XL: |  1  2 |
---------------+-------+-----
Long Blades    | 3 |  3.1
Armour         | 1 |  1.0
Fighting       | |  3.9
Dodging        | |  2.1
Stealth        | |  4.1

Action                   || total
-------------------------++-------
Melee: Falchion          ||     7
       Hand axe          ||     8
       Headbutt          ||     5
 Stab: Sleeping          ||     2
Dodge: Dodged            ||    13
       Rpst.: Falchion   ||     1

Table legend: (Time is in decaauts)
 A = Elapsed time spent in this place.
 B = Non-inter-level travel time spent in this place.
 C = Inter-level travel time spent in this place.
 D = Time resting spent in this place.
 E = Time spent auto-exploring this place.
 F = Levels seen in this place.
 G = Mean time per level.
                   A        B        C        D        E       F      G
               +--------+--------+--------+--------+--------+-----+--------+
         Total |    296 |    296 |      0 |    144 |     66 |   3 |   98.7 |
       Dungeon |    296 |    296 |      0 |    144 |     66 |   3 |   98.7 |
               +--------+--------+--------+--------+--------+-----+--------+

Top non-repeatable levels by time:
     D:5: 178 daAuts
     D:3: 109 daAuts
     D:4: 8 daAuts
